AoeStats
← mauro.escalier

Arabia

510625408Analyzed
1v1 RM · 2d ago on Oct 1, 2026· 55m 56s· 2 players
Game mode
Random Map
Map size
Tiny (2 player)
Population
200
Speed
Normal
Resources
Standard
Victory
Conquest
Starting age
Dark Age
Ending age
Imperial Age
RankedLock teamsTeams togetherTeam positionsShared explorationLock speedFull tech treeHidden civsTurbo modeCheats
Victory
Defeat
🇺🇸 Mapuche · United States
1407
+14
🇦🇷 Bulgarians · Argentina
1356
-14
mauro.escalier
6:27 Loom
9:03 Feudal Age
10:52 Double-Bit Axe
12:12 Horse Collar
16:23 Fletching
16:50 Padded Archer Armor
23:46 Castle Age
22:49 Scale Barding Armor
23:35 Bloodlines
24:42 Wheelbarrow
24:23 Bodkin Arrow
25:29 Chain Barding Armor
25:04 Gold Mining
27:10 Elite Skirmisher
29:04 Husbandry
30:32 Leather Archer Armor
32:04 Ballistics
32:19 Bow Saw
32:14 Heavy Plow
35:40 Scale Mail Armor
35:02 Pikeman
39:17 Imperial Age
38:33 Squires
38:20 Arson
38:20 Gambesons
40:16 Bracer
40:34 Chain Mail Armor
42:15 Plate Mail Armor
43:14 Hand Cart
46:57 Gold Shaft Mining
46:54 Crop Rotation
47:12 Stone Mining
49:18 Cavalier
50:34 Plate Barding Armor
50:10 Town Watch
52:14 Stirrups
Pagliacci
7:10 Loom
9:26 Feudal Age
10:08 Double-Bit Axe
14:09 Fletching
16:28 Padded Archer Armor
22:17 Castle Age
20:19 Horse Collar
20:57 Gold Mining
23:15 Wheelbarrow
22:28 Elite Skirmisher
23:23 Bodkin Arrow
23:43 Town Watch
24:09 Crossbowman
24:27 Elite Skirmisher
27:14 Malon
27:01 Town Watch
28:50 Ballistics
29:51 Bow Saw
32:06 Heavy Plow
34:55 Leather Archer Armor
41:34 Imperial Age
39:12 Pikeman
40:38 Masonry
41:09 Forging
41:18 Hand Cart
41:53 Elite Bolas Rider
43:32 Conscription
43:44 Ring Archer Armor
44:25 Butalmapu
48:37 Chemistry
48:25 Siege Engineers
48:51 Architecture
50:17 Hoardings
50:44 Iron Casting
50:42 Murder Holes
50:29 Treadmill Crane
50:58 Town Patrol
51:29 Elite Kona
57:06 Gold Shaft Mining
56:21 Stone Mining
55:52 Halberdier
57:03 Crop Rotation
Connection lost

Rejoining the realm…

Still unreachable

The connection could not be restored.

Session expired

The server has moved on; the page needs a fresh start.